 Dungeon Crawl Stone Soup version 0.31-a0-667-g39726597b9 (webtiles) character file.

Game seed: 2341042672626555977

16 Conn the Firebug (level 2, 0/17 HPs)
             Began as an Octopode Fire Elementalist on Sept 3, 2023.
             Slain by Grinder (9 damage)
             ... on level 3 of the Dungeon.
             The game lasted 00:03:50 (928 turns).

Conn the Firebug (Octopode Fire Elementalist)        Turns: 928, Time: 00:03:50

Health: 0/17       AC:  1    Str:  7    XL:     2   Next: 58%
Magic:  0/5        EV: 13    Int: 17    God:
Gold:   38         SH:  0    Dex: 12    Spells: 2/5 levels left

rFire   . . .        b - +0 dagger
rCold   . . .        (no shield)
rNeg    . . .        (helmet restricted)
rPois   .            (no amulet)
rElec   .            (no ring)
rCorr   .            (no ring)
SInv    .            (no ring)
Will    .....        (no ring)
Stlth   +++          (no ring)
HPRegen 0.22/turn    (no ring)
MPRegen 0.09/turn    (no ring)
                     (no ring)

%: no passive effects
@: very slightly contaminated, invisible
A: almost no armour, amphibious, 8 rings, camouflage 1, gelatinous body 1,
(nimble swimmer 1), tentacles
a: no special abilities


You were on level 3 of the Dungeon.
You visited 1 branch of the dungeon, and saw 3 of its levels.

You collected 38 gold pieces.

Inventory:

Hand Weapons
 b - a +0 dagger (weapon)
Scrolls
 d - a scroll of identify
 e - a scroll of vulnerability
Potions
 a - a potion of magic
 f - a potion of lignification


   Skills:
 + Level 2.2 Dodging
 + Level 3.1 Stealth
 + Level 2.2 Spellcasting
 + Level 1.3 Conjurations
 + Level 3.1 Fire Magic


You had 2 spell levels left.
You knew the following spells:

 Your Spells              Type           Power      Damage    Failure   Level
a - Foxfire               Conj/Fire      36%        2x1d5     8%          1
b - Scorch                Fire           24%        2d6       8%          2

Your spell library contained the following spells:

 Spells                   Type           Power      Damage    Failure   Level
 Cigotuvi's Dreadful Rot  Necr/Pois/Air  2%         N/A       28%         2
 Sublimation of Blood     Necr           1%         N/A       28%         2
 Wereblood                Tmut           1%         N/A       28%         2
 Inner Flame              Hex/Fire       7%         N/A       30%         3
 Volatile Blastmotes      Fire/Tloc      14%        2d11      30%         3
 Ignite Poison            Fire/Tmut/Pois 5%         N/A       36%         3
 Flame Wave               Conj/Fire      9%         2d6       58%         4
 Freezing Cloud           Conj/Ice/Air   1%         6-21      99%         5
 Summon Hydra             Summ           0%         N/A       100%        7


Dungeon Overview and Level Annotations

Branches:
Dungeon (2/15)

Altars:

Annotations:
D:3 Grinder


Innate Abilities, Weirdness & Mutations

You cannot wear most types of armour.
You are amphibious.
You can wear up to eight rings at the same time.
Your skin changes colour to match your surroundings (Stealth+).
Your rubbery body absorbs attacks. (AC +1, EV +1)
((You are camouflaged when in or above water. (Stealth+)))
You have tentacles for arms and can constrict up to eight enemies at once.


Message History

Grinder is severely wounded.
You hit Grinder but do no damage. Your grab misses Grinder.
You squeeze Grinder, but do no damage.
Grinder is severely wounded.
Grinder is no longer more vulnerable to fire.
Grinder blinks!
Casting: Foxfire (safe; 8% risk of failure)
Confirm with . or Enter, or press ? or * to list all spells.
You miscast Foxfire.
You are very lightly contaminated with residual magic.
Nothing appears to happen.
It was a potion of invisibility.
You fade into invisibility!
Grinder hits you!
You writhe in agony.
* * * LOW HITPOINT WARNING * * *
Grinder gestures at something.
You barely resist.
Grinder says, "There's only one good use for a tongue: cutting it out."
Casting: Foxfire (safe; 8% risk of failure)
Confirm with . or Enter, or press ? or * to list all spells.
You conjure some foxfire!
Unknown command.
Casting: Foxfire (safe; 8% risk of failure)
Confirm with . or Enter, or press ? or * to list all spells.
You conjure some foxfire!
The foxfire hits Grinder.
Grinder is severely wounded.
The foxfire hits Grinder.
Grinder is severely wounded.
Unknown command.
You barely miss Grinder. Your grab misses Grinder.
Grinder is severely wounded.
The foxfire hits Grinder.
Grinder is almost dead.
Grinder shouts!
The foxfire hits Grinder.
Grinder is almost dead.
Grinder hits you!
Ouch! That really hurt!
You die...
Grinder says, "Now the real fun starts!"

###################
#...5.............#
#.###############.#
#....# .. #.#
#...## #####.#)#
#..5# ........#
#§@(# ....o...#
#.§§# !........
#...# .........
#...# .........
#...# ........#
#...# ........#
#...# ........#
#...#


You could see Grinder (unable to see you).

Vanquished Creatures
  An orc (D:3)
  2 ball pythons (D:1)
  2 endoplasms (D:1)
  2 hobgoblins
  A quokka (D:1)
  A frilled lizard (D:3)
  4 kobolds (D:1)
13 creatures vanquished.

Vanquished Creatures (others)
  42 foxfires
42 creatures vanquished.

Grand Total: 55 creatures vanquished

Notes
Turn   | Place    | Note
-------+----------+-------------------------------------------
     0 | D:1      | Conn the Octopode Fire Elementalist began the quest for the
                  | Orb.
     0 | D:1      | Reached XP level 1. HP: 11/11 MP: 3/3
   218 | D:1      | Reached XP level 2. HP: 16/17 MP: 0/5
   389 | D:1      | Learned a level 2 spell: Scorch
   821 | D:2      | You fall into a shaft and drop 1 floor!
   845 | D:3      | Noticed Grinder
   847 | D:3      | Paralysed by Grinder for 4 turns
   928 | D:3      | Slain by Grinder

Illustrated notes

Levels and vault maps discovered:
D:1:      lightli_arrival_chessboard, layout_basic
D:2:      layout_basic, uniq_natasha
D:3:      layout_basic, uniq_grinder

Skill      XL: |  1  2 |
---------------+-------+-----
Stealth        | 3 |  3.1
Dodging        | |  2.2
Spellcasting   | |  2.2
Conjurations   | |  1.3
Fire Magic     | |  3.1

Action                     || total
---------------------------++-------
  Melee: Dagger            ||    36
         Tentacles         ||     2
   Cast: Foxfire           ||    24
         Scorch            ||     2
    Use: Scroll            ||     4
         Potion            ||     2
 Armour: Skin              ||    30
  Dodge: Dodged            ||     7

Table legend: (Time is in decaauts)
 A = Elapsed time spent in this place.
 B = Non-inter-level travel time spent in this place.
 C = Inter-level travel time spent in this place.
 D = Time resting spent in this place.
 E = Time spent auto-exploring this place.
 F = Levels seen in this place.
 G = Mean time per level.
                   A        B        C        D        E       F      G
               +--------+--------+--------+--------+--------+-----+--------+
         Total |    926 |    919 |      7 |      0 |    683 |   3 |  308.7 |
       Dungeon |    926 |    919 |      7 |      0 |    683 |   3 |  308.7 |
               +--------+--------+--------+--------+--------+-----+--------+

Top non-repeatable levels by time:
     D:1: 816 daAuts
     D:3: 106 daAuts
     D:2: 3 daAuts
